Map: Frozen Temple

Players

Pokebunny - Winner!

  • Race: Terran Terran
  • League: Grandmaster

Tesla (Rob)

  • Race: Protoss Protoss
  • League: Grandmaster

VOD

Have the link to the VOD?

Description

Time

  • Played on: April 5, 2016, 10:04 p.m.
  • Length: 7:39
Show
View Real Time Build Order
Export as new Build Order

Pokebunny Terran - Winner!

Build Orders: Reaper Expand 

Get SALT Encoding   

  12  0:00  SCV  
  13  0:13  SCV  
  14  0:18  Supply Depot  
  14  0:25  SCV  
  15  0:39  SCV  
  15  0:40  Barracks  
  16  0:45  Refinery  
  16  0:52  SCV  
  17  1:04  SCV  
  18  1:16  SCV  
  19  1:28  Orbital Command, Reaper  
  20  1:42  Command Center  
  20  1:53  Supply Depot, SCV  
  21  2:05  Marine  
  21  2:06  SCV  
  23  2:09  Factory  
  23  2:15  Refinery  
  23  2:19  SCV  
  24  2:23  Marine  
  25  2:32  SCV  
  26  2:47  Barracks Reactor  
  26  2:49  SCV  
  26  2:53  Hellion  
  26  2:54  Starport, Orbital Command  
  26  2:57  Bunker  
  28  3:01  SCV  
  29  3:13  SCV  
  29  3:15  Barracks, Widow Mine  
  32  3:20  SCV  
  32  3:23  Marine  
  32  3:24  Marine  
  32  3:25  SCV  
  36  3:32  Barracks  
  36  3:34  Medivac  
  38  3:43  Marine x2  
  38  3:47  Supply Depot, SCV x2  
  42  3:50  Factory Tech Lab  
  42  3:59  SCV x2  
  42  4:01  Engineering Bay  
  44  4:06  Barracks Tech Lab, Marine x2  
  46  4:12  Siege Tank  
  46  4:15  SCV  
  46  4:16  SCV  
  51  4:22  Supply Depot  
  51  4:24  Barracks Reactor  
  51  4:28  Marine, Combat Shields  
  51  4:29  Marine  
  53  4:32  Marine  
  54  4:38  Supply Depot  
  54  4:43  SCV  
  55  4:57  Marine x3  
  55  4:58  Siege Tank, Medivac  
  62  5:00  Missile Turret  
  62  5:01  Missile Turret  
  62  5:04  Supply Depot, SCV x2  
  64  5:08  Marine x2  
  66  5:14  Marine  
  66  5:15  Marine  
  66  5:16  SCV x2  
  66  5:18  Supply Depot  
  70  5:27  Marine x3  
  73  5:30  Siege Tank  
  73  5:32  Marine x2  
  78  5:38  Supply Depot x2  
  78  5:39  SCV  
  78  5:40  SCV  
  78  5:42  Refinery  
  80  5:48  Marine x3  
  81  5:50  Marine  
  78  6:05  Bunker  
  78  6:07  Marine x4  
  78  6:08  Marine  
  78  6:10  Siege Tank  
  85  6:17  Supply Depot, SCV x2  
  86  6:33  Marine x3  
  86  6:34  Marine x2  
  86  6:38  Bunker  
  91  6:49  Medivac  
  91  6:51  Marine x4  
  97  6:59  Siege Tank  
  100  7:03  Command Center  
  100  7:09  Marauder  
  100  7:15  Barracks  
  102  7:16  Barracks  
  102  7:18  Missile Turret  
  102  7:23  Bunker  
Show
View Real Time Build Order
Export as new Build Order

Tesla Protoss 

Build Orders: 1 Gate Expand 

Get SALT Encoding   

  12  0:00  Probe (Chrono Boost)  
  13  0:11  Probe (Chrono Boost)  
  14  0:19  Pylon  
  14  0:22  Probe (Chrono Boost)  
  15  0:37  Gateway, Probe (Chrono Boost)  
  16  0:48  Probe (Chrono Boost)  
  16  0:49  Assimilator  
  17  0:58  Probe (Chrono Boost)  
  18  1:09  Probe (Chrono Boost)  
  19  1:16  Nexus  
  19  1:19  Probe (Chrono Boost)  
  20  1:26  Assimilator  
  20  1:30  Probe (Chrono Boost)  
  21  1:36  Cybernetics Core  
  21  1:46  Pylon  
  22  1:51  Probe (Chrono Boost)  
  22  1:57  Assimilator  
  22  2:02  Probe (Chrono Boost)  
  22  2:12  Stalker (Chrono Boost)  
  22  2:14  Gateway  
  24  2:25  Probe  
  24  2:28  Probe  
  25  2:38  Stalker (Chrono Boost)  
  26  2:45  Probe (Chrono Boost)  
  26  2:46  Probe (Chrono Boost)  
  28  2:58  Mothership Core (Chrono Boost), Probe (Chrono Boost)  
  31  3:01  Gateway  
  31  3:08  Probe (Chrono Boost)  
  31  3:11  Warp Gate (Chrono Boost)  
  32  3:16  Probe  
  32  3:18  Probe  
  34  3:22  Pylon  
  34  3:29  Probe  
  35  3:35  Forge, Probe (Chrono Boost)  
  35  3:40  Probe (Chrono Boost)  
  37  3:47  Probe (Chrono Boost)  
  38  3:51  Probe (Chrono Boost)  
  38  3:52  Robotics Facility  
  39  3:56  Probe  
  40  4:03  Probe (Chrono Boost)  
  40  4:07  Probe (Chrono Boost)  
  42  4:15  Probe (Chrono Boost)  
  43  4:18  Probe (Chrono Boost)  
  44  4:26  Probe  
  44  4:28  Twilight Council, Probe  
  44  4:29  Assimilator  
  46  4:32  Assimilator  
  46  4:34  Photon Cannon  
  46  4:35  Protoss Ground Weapons Level 1 (Chrono Boost)  
  46  4:37  Pylon  
  46  4:44  Observer (Chrono Boost)  
  46  4:54  Probe  
  46  5:03  Warp Prism (Chrono Boost)  
  46  5:05  Blink (Chrono Boost)  
  46  5:06  Probe  
  49  5:11  Photon Cannon, Probe  
  50  5:21  Probe (Chrono Boost)  
  51  5:24  Probe (Chrono Boost)  
  50  5:31  Stalker x2, Probe (Chrono Boost)  
  56  5:37  Twilight Council  
  56  5:44  Immortal (Chrono Boost)  
  59  6:01  Stalker  
  61  6:13  Pylon  
  61  6:15  Pylon  
  56  6:26  Gateway x2  
  56  6:34  Stalker  
  56  6:35  Stalker  
  56  6:37  Stalker  
  62  6:47  Dark Shrine  
  53  7:06  Pylon  
  53  7:07  Pylon  
  49  7:22  Pylon  
  49  7:24  Pylon  
Tags
 
Add a new tag
Caveats
  • Supply blocks, unpowered buildings, or Contaminate may cause inaccurate times.
  • Supply counts are checked every 10 seconds.